 Dungeon Crawl Stone Soup version 0.25.1-2-g60ff931df9 (webtiles) character file.

Game seed: 5258444851043468042

42 Goaboa the Skirmisher (level 3, 0/33 HPs)
             Began as a Hill Orc Fighter on Oct 19, 2020.
             Killed from afar by Sigmund (8 damage)
             ... with a puff of flame
             ... on level 2 of the Dungeon.
             The game lasted 00:06:09 (1159 turns).

Goaboa the Skirmisher (Hill Orc Fighter)            Turns: 1159, Time: 00:06:10

Health: 0/33       AC: 10    Str: 19    XL:     3   Next: 54%
Magic:  3/3        EV:  7    Int:  8    God:
Gold:   20         SH:  9    Dex: 10    Spells: 2/2 levels left

rFire    . . .     SeeInvis .   a - +0 war axe
rCold    . . .     Gourm    .   c - +0 kite shield
rNeg     . . .     Faith    .   i - +3 scale mail
rPois    .         Spirit   .   (no helmet)
rElec    .         Reflect  .   (no cloak)
rCorr    .         Harm     .   (no gloves)
MR       .....                  (no boots)
Stlth    ..........             (no amulet)
HPRegen  0.11/turn              (no ring)
MPRegen  0.08/turn              (no ring)

@: no status effects
A: no striking features
a: no special abilities


You were on level 2 of the Dungeon.
You were not hungry.

You visited 1 branch of the dungeon, and saw 2 of its levels.

You collected 20 gold pieces.

Inventory:

Hand Weapons
 a - a +0 war axe (weapon)
Armour
 c - a +0 kite shield (worn)
 i - a +3 scale mail (worn)
Jewellery
 g - a +6 ring of intelligence {unknown}
Scrolls
 e - a scroll of enchant weapon {unknown}
 j - 2 scrolls of identify {unknown}
 k - 2 scrolls of teleportation {unknown}
 l - 2 scrolls of remove curse {unknown}
 s - a scroll of enchant armour {unknown}
Potions
 d - a potion of might
 h - a potion of stabbing {unknown}
 m - 2 potions of flight {unknown}
 n - a potion of degeneration {unknown}
 o - 2 potions of lignification {unknown}
 p - a potion of heal wounds {unknown}
 q - 2 potions of brilliance {unknown}
 r - a potion of curing {unknown}
Comestibles
 b - 7 chunks of flesh
 f - 5 rations


   Skills:
 + Level 4.1 Fighting
 + Level 3.4 Axes
 + Level 3.8 Armour
 + Level 3.7 Shields


You had 2 spell levels left.
You didn't know any spells.
Your spell library was empty.

Dungeon Overview and Level Annotations

Branches:
Dungeon (2/15)

Altars:

Annotations:
D:2 Sigmund


Message History

The magic dart hits you.
You barely miss Sigmund.
Sigmund is almost dead.
You block Sigmund's attack.
You hit Sigmund.
Sigmund is almost dead.
Sigmund closely misses you.
You closely miss Sigmund.
Sigmund is almost dead.
Sigmund barely misses you.
You barely miss Sigmund.
Sigmund is almost dead.
Sigmund points at you and mumbles some strange words.
The puff of flame hits you!
* * * LOW HITPOINT WARNING * * *
You hit Sigmund.
Sigmund is almost dead.
Sigmund gestures at you while chanting. The puff of flame hits you!
You die...

###.####..## #..########
######.........#
.....+>........#
##........#รท........#
....................#
#....(...#.........#
######..................#
...............@@.......#
..............###.######
..............###+#####
..........)...........#
.................)....#
......................#
.......^..............#
######................#
##+######........#


You could see Sigmund.

Vanquished Creatures
  An adder (D:2)
  A dart slug (D:1)
  2 giant cockroaches
  4 goblins
  A hobgoblin (D:1)
  4 jackals (D:2)
  6 kobolds
  2 bats
  3 frilled lizards
  4 rats
28 creatures vanquished.

Notes
Turn   | Place    | Note
-------+----------+-------------------------------------------
     0 | D:1      | Goaboa the Hill Orc Fighter began the quest for the Orb.
     0 | D:1      | Reached XP level 1. HP: 19/19 MP: 1/1
   277 | D:1      | Reached XP level 2. HP: 27/27 MP: 2/2
   800 | D:2      | Reached skill level 4 in Fighting
   800 | D:2      | Reached XP level 3. HP: 23/33 MP: 3/3
  1112 | D:2      | Noticed Sigmund
  1159 | D:2      | Killed from afar by Sigmund

Illustrated notes

Levels and vault maps discovered:
D:1:      matt_arrival_diagonals, layout_basic
D:2:      layout_basic, minmay_misc_feat_secret_circle, uniq_sigmund,
          uniq_natasha

Skill      XL: |  1  2 |
---------------+-------+-----
Axes           | 3 |  3.4
Fighting       | 4 |  4.1
Armour         | |  3.8
Shields        | |  3.7

Action                   || total
-------------------------++-------
Melee: War axe           ||   124
  Eat: Chunk             ||     1
Armor: Scale mail        ||    51
Dodge: Dodged            ||    34
Block: Kite shield       ||    58
